 Dungeon Sprint DCSS version 0.27-a0-1119-gbf574a6a6b (webtiles) character file.

Game seed: 2510184211869925013

19791 mhtbhm the Scorcher (level 12, 0/61 HPs)
             Began as a Deep Elf Fire Elementalist on May 2, 2021.
             Was the Champion of Vehumet.
             Engulfed by an ushabti's foul pestilence (12 damage)
             ... in the Dungeon (Sprint V: "Ziggurat Sprint").
             The game lasted 00:08:57 (1367 turns).

mhtbhm the Scorcher (Deep Elf Fire Elementalist)    Turns: 1367, Time: 00:08:57

Health: 0/61       AC: 14    Str:  5    XL:     12   Next: 39%
Magic:  36/36      EV: 18    Int: 38    God:    Vehumet [******]
Gold:   0          SH: 13    Dex: 15    Spells: 26/47 levels left

rFire    + + .     SeeInvis .   C - +8 lance "Wyrmbane" {slay drac, rPois rF+ rC+ AC+3}
rCold    + + +     Faith    .   w - +3 buckler "Eddokar" {rElec}
rNeg     . . .     Spirit   .   a - +2 robe {rF+}
rPois    +         Reflect  +   r - +2 helmet of Mumblety Peg {Regen+}
rElec    +         Harm     .   (no cloak)
rCorr    .         Rampage  +   s - +3 pair of gloves of the Red Skies {Rampage rC+ Will+}
Will     ++...     NoTele   +   (no boots)
Stlth    +++.......             I - amulet "Emitive" {Reflect rElec rC+ SH+5}
HPRegen  1.20/turn              u - +6 ring of intelligence
MPRegen  0.25/turn              v - +6 ring of intelligence

@: lethally poisoned (0 -> -6), slowed, studying Throwing, very slow
A: no striking features
a: Renounce Religion


You were in the Dungeon.
You worshipped Vehumet.
Vehumet was exalted by your worship.
You visited 1 branch

Inventory:

Hand Weapons
 C - the +8 lance "Wyrmbane" (weapon) {slay drac, rPois rF+ rC+ AC+3}
   (You found it in the Dungeon)

   It affects your AC (+3).
   It protects you from fire.
   It protects you from cold.
   It protects you from poison.
Armour
 a - a +2 robe of fire resistance (worn)
 r - the +2 helmet of Mumblety Peg (worn) {Regen+}
   (You found it in the Dungeon)

   It increases your rate of health regeneration.
 s - the +3 pair of gloves of the Red Skies (worn) {Rampage rC+ Will+}
   (You found it in the Dungeon)

   It protects you from cold.
   It bestows one free step when moving towards enemies.
   It increases your willpower.
 w - the +3 buckler "Eddokar" (worn) {rElec}
   (You found it in the Dungeon)

   It insulates you from electricity.
 D - the +2 buckler of Neffas {rF+ Will- Dex+7 Slay+5}
   (You found it in the Dungeon)

   It affects your dexterity (+7).
   It affects your accuracy and damage with ranged weapons and melee attacks
   (+5).
   It protects you from fire.
   It decreases your willpower.
Jewellery
 u - a +6 ring of intelligence (left hand)
 v - a +6 ring of intelligence (right hand)
 G - the ring "Jioss" {*Corrode rN+++ Str+4 Dex+2 SInv}
   (You took it off a vault guard in the Dungeon)

   [ring of see invisible]

   It affects your strength (+4).
   It affects your dexterity (+2).
   It renders you almost immune to negative energy.
   It lets you see invisible.
   It may corrode you when you take damage.
 I - the amulet "Emitive" (around neck) {Reflect rElec rC+ SH+5}
   (You took it off a yaktaur in the Dungeon)

   [amulet of reflection]

   It reflects blocked missile attacks.
   It protects you from cold.
   It insulates you from electricity.
   It affects your SH (+5).
Wands
 y - a wand of mindburst (7)
 z - a wand of iceblast (2)
Scrolls
 m - 4 scrolls of amnesia
 n - 7 scrolls of fog
 p - 5 scrolls of identify
 q - a scroll of fear
 K - a scroll of brand weapon
Potions
 b - 2 potions of brilliance
 c - 10 potions of curing
 d - 5 potions of heal wounds
 e - 6 potions of haste
 f - 6 potions of magic
 g - 3 potions of berserk rage
 i - 2 potions of invisibility
 j - 4 potions of resistance
 k - a potion of experience
 l - 5 potions of might
Miscellaneous
 t - a tin of tremorstones (2/2)
 x - a condenser vane
 B - a lightning rod (4/4)
 F - a box of beasts
 J - a phantom mirror


   Skills:
 + Level 1.6 Fighting
 + Level 11.8 Dodging
 - Level 6.2 Stealth
 - Level 4.0 Shields
 + Level 18.2 Spellcasting
 + Level 13.3 Conjurations
 + Level 19.1 Fire Magic
 * Level 11.3 Earth Magic
 + Level 11.3 Evocations


You had 26 spell levels left.
You knew the following spells:

 Your Spells              Type           Power      Damage    Failure   Level
a - Foxfire               Conj/Fire      100%       2x1d9     0%          1
b - Conjure Flame         Conj/Fire      100%       6-21      0%          3
c - Inner Flame           Hex/Fire       82%        N/A       1%          3
d - Sticky Flame          Conj/Fire      100%       2d11      0%          4
e - Fireball              Conj/Fire      51%        3d20      1%          5
f - Lee's Rapid Deconstr  Erth           44%        3d22*     1%          5

Your spell library contained the following spells:

 Spells                   Type           Power      Damage    Failure   Level
 Spellforged Servitor     Conj/Summ      35%        N/A       13%         7
 Summon Small Mammal      Summ           100%       N/A       1%          1
 Call Imp                 Summ           34%        N/A       1%          2
 Corpse Rot               Necr/Air       N/A        N/A       1%          2
 Ensorcelled Hibernation  Hex/Ice        68%        N/A       1%          2
 Passwall                 Tmut/Erth      55%        N/A       1%          2
 Animate Armour           Summ/Erth      100%       N/A       1%          4
 Call Canine Familiar     Summ           34%        N/A       2%          3
 Spider Form              Tmut/Pois      17%        N/A       2%          3
 Summon Guardian Golem    Hex/Summ       34%        N/A       2%          3
 Swiftness                Air            34%        N/A       2%          3
 Borgnjor's Vile Clutch   Necr/Erth      33%        N/A       2%          5
 Freezing Cloud           Conj/Ice/Air   31%        6-21      6%          6
 Yara's Violent Unravell  Hex/Tmut       17%        3d8       7%          5
 Ice Form                 Ice/Tmut       34%        N/A       9%          4
 Passage of Golubria      Tloc           N/A        N/A       9%          4
 Summon Ice Beast         Ice/Summ       34%        N/A       9%          4
 Summon Lightning Spire   Summ/Air       34%        N/A       9%          4
 Silence                  Hex/Air        17%        N/A       24%         5
 Blade Hands              Tmut           17%        N/A       80%         6
 Death Channel            Necr           17%        N/A       80%         6
 Invisibility             Hex            34%        N/A       80%         6
 Shadow Creatures         Summ           N/A        N/A       80%         6
 Simulacrum               Ice/Necr       17%        N/A       80%         6
 Ozocubu's Refrigeration  Ice            17%        4d8       85%         7
 Haunt                    Necr/Summ      17%        N/A       100%        7
 Malign Gateway           Summ/Tloc      17%        N/A       100%        7
 Monstrous Menagerie      Summ           17%        N/A       100%        7
 Summon Horrible Things   Summ           17%        N/A       100%        8


Dungeon Overview and Level Annotations

Branches:
Dungeon (1/1)

Altars:
Ashenzari
Cheibriados
Dithmenos
Elyvilon
Fedhas
Gozag
Hepliaklqana
Kikubaaqudgha
Makhleb
Nemelex Xobeh
Okawaru
Qazlal
Ru
Sif Muna
Trog
Uskayaw
Vehumet
Wu Jian
Xom
Yredelemnul
Zin
The Shining One
Beogh
Jiyva
Lugonu

Annotations:
D 1 transporter


Message History

The death scarab's corpse disappears in a puff of smoke!
The death scarab is struck by lightning.
You destroy the death scarab!
The death scarab's corpse disappears in a puff of smoke!
The death scarab is struck by lightning.
The death scarab closely misses you.
The death scarab is struck by lightning. x2
You destroy the death scarab!
The death scarab's corpse disappears in a puff of smoke!
The royal mummy hits you!!
* * * LOW HITPOINT WARNING * * *
You block the ushabti's attack.
Unknown command.
You feel much better. You block the royal mummy's attack.
The ushabti is struck by lightning.
The ushabti shakes and rattles.
The vile air hits you.
The royal mummy gestures at you while chanting.
Something smites you!
* * * LOW HITPOINT WARNING * * *
You feel much better.
You are engulfed in dark miasma.
You block the ushabti's attack.
The royal mummy is struck by lightning.
The royal mummy completely misses you.
Unknown command.
That's the wrong kind of item! (Use * to select it.) Evoke which item? (* to show all) (? for menu, Esc to quit)
Aiming: Corrosive Bolt
Press: ? - help, Shift-Dir - straight line, f/p - royal mummy
Aim: a royal mummy (thunder, almost destroyed, dazed, 89% to hit)
The bolt of acid hits the royal mummy!!
The royal mummy is splashed with acid.
The acid corrodes the royal mummy!
You destroy the royal mummy!
Vehumet accepts your kill.
You feel your power returning.
The now-empty wand crumbles to dust.
You feel extremely nervous for a moment...
Your body is wracked with pain!
* * * LOW HITPOINT WARNING * * *
You are engulfed in dark miasma.
You are poisoned.
You die...

▓....© ▓▓▓▓▓▓▓▓▓
▓▓▓▓▓▓▓▓ ▓...8©8..
▓...8©8. ▓...§§§§[
▓..|))}.
▓.§§:)§§..▓..)}}})
▓§)§§.○°§.▓...††..
▓§§§§§...B▓.....†.
▓§8§§§... ▓.......
▓@§§§§....▓.......
▓§§▓§§.▓..▓.......
▓..§......▓.▓.....
▓..§§§....▓....©..
▓▓▓▓▓▓▓▓▓▓▓▓▓▓▓▓▓▓


You could see an ushabti.

Vanquished Creatures
  2 royal mummies (D)
  An orc warlord (D)
  A vault warden (D)
  A very ugly thing (D)
  A mummy priest (D)
  3 vault guards (D)
  A lindwurm (shapeshifter) (D)
  A wizard (D)
  2 ugly things (D)
  A faun (shapeshifter) (D)
  A cyclops (shapeshifter) (D)
  7 toenail golems (D)
  2 yaktaurs (D)
  4 guardian mummies (D)
  A wind drake (D)
  A slime creature (D)
  A flying skull (D)
  2 redbacks (shapeshifter) (D)
  6 air elementals (D)
  A golden eye (D)
  A basilisk (shapeshifter) (D)
  2 neqoxecs (D)
  A water moccasin (D)
  A floating eye (D)
  A necrophage (D)
  An orc warrior (D)
  A phantom (D)
  A bullfrog (shapeshifter) (D)
  4 earth elementals (D)
  An orc priest (D)
  2 orc wizards (D)
  An adder (D)
  An adder skeleton (D)
  An adder zombie (D)
  5 orcs (D)
  2 bat skeletons (D)
  An endoplasm (D)
  3 ball pythons (D)
  A ball python skeleton (D)
  A giant cockroach zombie (D)
72 creatures vanquished.

Vanquished Creatures (others)
  A wind drake (D)
1 creature vanquished.

Grand Total: 73 creatures vanquished

Notes
Turn   | Place    | Note
-------+----------+-------------------------------------------
     0 | D        | mhtbhm the Deep Elf Fire Elementalist began the quest for
                  | the Orb.
     0 | D        | Reached XP level 1. HP: 10/10 MP: 6/6
     0 | D        | Found a shimmering blue altar of Sif Muna.
     0 | D        | Found a bloodstained altar of Trog.
     0 | D        | Found a sacrificial altar of Ru.
     0 | D        | Found a stormy altar of Qazlal.
     0 | D        | Found an iron altar of Okawaru.
     1 | D        | Found a sparkling altar of Nemelex Xobeh.
     1 | D        | Found a blossoming altar of Fedhas.
     2 | D        | Found the +6 Majin-Bo {vamp, MP+6 Int+6}
     2 | D        | Found the +9 heavy crossbow "Sniper" {vorpal, Acc+∞ SInv}
     2 | D        | Found the +10 dark maul {vorpal}
     2 | D        | Found the +15 Maxwell's patent armour {-Cast -Tele rElec
                  | Will+ rCorr}
     2 | D        | Found the +18 shield of the Gong {rElec rN+ Will+ EV-5}
     2 | D        | Found the +14 obsidian axe {vorpal, Drain Fly SInv}
     2 | D        | Found the +7 great mace "Firestarter" {inner flame, rF++}
     2 | D        | Found the +6 shillelagh "Devastator" {shatter}
     2 | D        | Found the +11 plutonium sword {Contam Stlth-}
     2 | D        | Found the +8 lance "Wyrmbane" {slay drac, rPois rF+ rC+
                  | AC+3}
     2 | D        | Found the +9 sword of Zonguldrok {reap}
     2 | D        | Found the +13 scythe of Curses {drain, Drain}
     2 | D        | Found the +5 sword of Power {vorpal}
     2 | D        | Found the +7 mace of Variability {chain chaos}
     2 | D        | Found the +7 Singing Sword {vorpal, sonic wave}
     2 | D        | Found the +8 storm bow {elec, penet}
     3 | D        | Found a transporter.
     3 | D        | Found an ancient bone altar of Kikubaaqudgha.
     3 | D        | Found a viscous altar of Jiyva.
     3 | D        | Found a corrupted altar of Lugonu.
     3 | D        | Found a hazy altar of Hepliaklqana.
     3 | D        | Found a burning altar of Makhleb.
     3 | D        | Found an opulent altar of Gozag.
    37 | D        | Became a worshipper of Vehumet
    57 | D        | Entered arena 2.
    57 | D        | Noticed a green ugly thing
    57 | D        | Noticed a bullfrog
    57 | D        | Found a transporter.
    59 | D        | Killed a bullfrog
    60 | D        | Reached skill level 5 in Spellcasting
    60 | D        | Reached skill level 7 in Fire Magic
    60 | D        | Reached XP level 2. HP: 15/15 MP: 7/10
    60 | D        | Reached XP level 3. HP: 19/19 MP: 7/11
    67 | D        | Killed a green ugly thing
    68 | D        | Reached skill level 11 in Fire Magic
    68 | D        | Reached XP level 4. HP: 24/24 MP: 7/16
    68 | D        | Reached XP level 5. HP: 28/28 MP: 7/18
    68 | D        | Reached XP level 6. HP: 32/32 MP: 7/19
    72 | D        | Learned a level 3 spell: Conjure Flame
    76 | D        | Learned a level 3 spell: Inner Flame
    81 | D        | Learned a level 4 spell: Sticky Flame
    87 | D        | Learned a level 5 spell: Fireball
   142 | D        | Entered arena 3.
   142 | D        | Found a transporter.
   143 | D        | Reached * piety under Vehumet
   143 | D        | Offered knowledge of Sandblast by Vehumet.
   149 | D        | Got the Catalogue of Transformation and the Blaze
   174 | D        | Entered arena 4.
   174 | D        | Noticed a slime creature
   174 | D        | Noticed a floating eye
   174 | D        | Noticed a golden eye
   174 | D        | Found a transporter.
   175 | D        | Killed a golden eye
   175 | D        | Reached ** piety under Vehumet
   175 | D        | Killed a floating eye
   176 | D        | Reached skill level 12 in Fire Magic
   176 | D        | Reached XP level 7. HP: 36/36 MP: 22/22
   177 | D        | Killed a slime creature
   178 | D        | Reached skill level 10 in Spellcasting
   178 | D        | Reached skill level 13 in Fire Magic
   195 | D        | Got the +2 helmet of Mumblety Peg {Regen+}
   307 | D        | Entered arena 5.
   307 | D        | Noticed a toenail golem
   307 | D        | Noticed a toenail golem
   307 | D        | Noticed a toenail golem
   307 | D        | Noticed a toenail golem
   307 | D        | Found a transporter.
   316 | D        | Killed a toenail golem
   316 | D        | Offered knowledge of Poisonous Vapours by Vehumet.
   316 | D        | Reached *** piety under Vehumet
   317 | D        | Reached skill level 14 in Fire Magic
   317 | D        | Reached XP level 8. HP: 38/41 MP: 15/25
   317 | D        | Killed a toenail golem
   319 | D        | Killed a toenail golem
   320 | D        | Reached skill level 15 in Fire Magic
   320 | D        | Reached skill level 5 in Evocations
   322 | D        | Killed a toenail golem
   323 | D        | Reached skill level 5 in Conjurations
   323 | D        | Reached XP level 9. HP: 45/45 MP: 4/27
   413 | D        | Got the Compendium of the Exiled Teeth
   415 | D        | Got the +3 pair of gloves of the Red Skies {Rampage rC+
                  | Will+}
   435 | D        | Entered arena 6.
   435 | D        | Found a transporter.
   437 | D        | Reached **** piety under Vehumet
   488 | D        | Entered arena 7.
   489 | D        | Offered knowledge of Static Discharge by Vehumet.
   489 | D        | Reached ***** piety under Vehumet
   492 | D        | Found a transporter.
   537 | D        | Got the +3 buckler "Eddokar" {rElec}
   551 | D        | Entered arena 8.
   554 | D        | Reached ****** piety under Vehumet
   555 | D        | Reached skill level 1 in Shields
   555 | D        | Found a transporter.
   605 | D        | Entered arena 9.
   605 | D        | Noticed a toenail golem
   605 | D        | Noticed a toenail golem
   605 | D        | Noticed a toenail golem
   611 | D        | Killed a toenail golem
   612 | D        | Reached skill level 16 in Fire Magic
   613 | D        | Found a transporter.
   615 | D        | Killed a toenail golem
   617 | D        | Killed a toenail golem
   624 | D        | Offered knowledge of Olgreb's Toxic Radiance by Vehumet.
   625 | D        | Reached XP level 10. HP: 50/50 MP: 16/29
   797 | D        | Learned a level 5 spell: Lee's Rapid Deconstruction
   800 | D        | Entered arena 10.
   802 | D        | Offered knowledge of Iskenderun's Battlesphere by Vehumet.
   803 | D        | Reached skill level 1 in Earth Magic
   806 | D        | Found a transporter.
   970 | D        | Got the ring of Ymerphey {rElec rPois EV+4 Str+2}
   981 | D        | Entered arena 11.
   981 | D        | Noticed a vault guard
   981 | D        | Noticed a vault warden
   981 | D        | Noticed an orc warlord
   981 | D        | Noticed a vault guard
   981 | D        | Noticed a vault guard
   981 | D        | Noticed a wizard
   982 | D        | Identified the amulet "Emitive" {Reflect rElec rC+ SH+5}
   982 | D        | Identified the ring "Jioss" {*Corrode rN+++ Str+4 Dex+2
                  | SInv}
   983 | D        | Killed a wizard
   983 | D        | Offered knowledge of Iskenderun's Mystic Blast by Vehumet.
   984 | D        | Reached skill level 10 in Dodging
   985 | D        | Reached skill level 17 in Fire Magic
   985 | D        | Killed a vault guard
   986 | D        | Reached skill level 5 in Earth Magic
   988 | D        | Killed a vault guard
   988 | D        | Killed a vault guard
   989 | D        | Reached skill level 15 in Spellcasting
   989 | D        | Reached skill level 10 in Conjurations
   989 | D        | Reached XP level 11. HP: 26/54 MP: 13/32
   990 | D        | Killed an orc warlord
   990 | D        | Killed a vault warden
  1152 | D        | Found a transporter.
  1199 | D        | Entered arena 12.
  1199 | D        | Noticed a cyan ugly thing
  1199 | D        | Noticed a white very ugly thing
  1199 | D        | Noticed a lindwurm
  1201 | D        | Offered knowledge of Spellforged Servitor by Vehumet.
  1202 | D        | Reached skill level 18 in Fire Magic
  1202 | D        | Killed a white very ugly thing
  1202 | D        | Killed a cyan ugly thing
  1202 | D        | Killed a lindwurm
  1211 | D        | Reached skill level 10 in Evocations
  1324 | D        | Found a transporter.
  1341 | D        | Got the +2 buckler of Neffas {rF+ Will- Dex+7 Slay+5}
  1347 | D        | Entered arena 13.
  1347 | D        | Noticed a royal mummy
  1348 | D        | Noticed a death scarab
  1348 | D        | Noticed a royal mummy
  1349 | D        | Identified the ring "Hejuf" {Fly rElec Int+2}
  1349 | D        | Noticed a mummy priest
  1350 | D        | Noticed a death scarab
  1350 | D        | Noticed a death scarab
  1350 | D        | Noticed a death scarab
  1350 | D        | Found a transporter.
  1350 | D        | Identified the +5 long sword of the Spider {elec, Dex+5}
  1354 | D        | Noticed an emperor scorpion
  1354 | D        | Noticed an emperor scorpion
  1354 | D        | Noticed an emperor scorpion
  1354 | D        | Noticed an emperor scorpion
  1355 | D        | Noticed a death scarab
  1356 | D        | Noticed a death scarab
  1356 | D        | Noticed a death scarab
  1356 | D        | Noticed a death scarab
  1358 | D        | Noticed a death scarab
  1358 | D        | Noticed a death scarab
  1358 | D        | Noticed a death scarab
  1358 | D        | Noticed a death scarab
  1359 | D        | Killed a royal mummy
  1360 | D        | Reached skill level 1 in Fighting
  1360 | D        | Reached skill level 19 in Fire Magic
  1360 | D        | Reached XP level 12. HP: 17/61 MP: 34/36
  1361 | D        | Noticed a death scarab
  1361 | D        | Killed a mummy priest
  1363 | D        | Noticed a death scarab
  1363 | D        | Noticed a death scarab
  1367 | D        | Killed a royal mummy
  1367 | D        | Engulfed by an ushabti's foul pestilence

Illustrated notes

Levels and vault maps discovered:
D:        sprint_v [room_start, room_1, room_2, room_3, room_4, room_5, room_6,
          room_7, room_8, room_9, room_10, room_11, room_12, room_13, room_14,
          room_15, room_16, room_17, room_18, room_19, room_20, room_21,
          room_22, room_23, room_24, room_25, room_26, room_27]

Skill      XL: |  1  2  3  4  5  6  7  8  9 10 11 |
---------------+----------------------------------+-----
Dodging        | 4 6 7 8 9 10 11 | 11.8
Stealth        | 3 6 |  6.2
Spellcasting   | 5 8 9 11 12 13 15 18 | 18.2
Fire Magic     | 7 11 12 14 15 16 17 19 | 19.1
Conjurations   | 2 3 5 7 10 13 | 13.3
Evocations     | 3 4 5 6 8 11 | 11.3
Shields        | 3 4 |  4.0
Earth Magic    | 6 11 | 11.3
Fighting       | 1 |  1.6

Action                   |  1- 3 |  4- 6 |  7- 9 | 10-12 || total
-------------------------+-------+-------+-------+-------++-------
 Cast: Fireball          |       |     2 |    21 |    14 ||    37
       Sticky Flame      |       |       |     6 |     6 ||    12
Evoke: Wand              |     2 |       |     7 |     3 ||    12
       Lightning rod     |     4 |       |       |       ||     4
       Tin of tremorston |       |       |     4 |     3 ||     7
       Condenser vane    |       |       |     2 |     6 ||     8
  Use: Scroll            |     1 |       |     3 |     3 ||     7
       Potion            |       |       |     2 |     8 ||    10
Armor: Robe              |       |       |     3 |    11 ||    14
Dodge: Dodged            |       |       |     5 |    18 ||    23
Block: Buckler           |       |       |       |    26 ||    26
       Reflection        |       |       |       |     1 ||     1

Table legend: (Time is in decaauts)
 A = Elapsed time spent in this place.
 B = Non-inter-level travel time spent in this place.
 C = Inter-level travel time spent in this place.
 D = Time resting spent in this place.
 E = Time spent auto-exploring this place.
 F = Levels seen in this place.
 G = Mean time per level.
                   A        B        C        D        E       F      G
               +--------+--------+--------+--------+--------+-----+--------+
         Total |   1369 |   1369 |      0 |    942 |      0 |   1 | 1369.0 |
       Dungeon |   1369 |   1369 |      0 |    942 |      0 |   1 | 1369.0 |
               +--------+--------+--------+--------+--------+-----+--------+

Top non-repeatable levels by time:
       D: 1369 daAuts
